 Dungeon Crawl Stone Soup version 0.20.1-1-g8b1a95d (webtiles) character file.

52 Phantomfrettchen the Insei (level 3, 0/31 HPs)
             Began as a Naga Transmuter on Oct 7, 2017.
             Succumbed to an adder's poison
             ... on level 2 of the Dungeon.
             The game lasted 00:06:07 (972 turns).

Phantomfrettchen the Insei (Naga Transmuter)         Turns: 972, Time: 00:06:08

Health: 0/31       AC:  2    Str: 12    XL:     3   Next: 85%
Magic:  6/6        EV: 10    Int: 13    God:
Gold:   84         SH:  0    Dex: 12    Spells: 5/6 levels left

rFire    + . .     SeeInvis +     - Unarmed
rCold    . . .     Gourm    .   (no shield)
rNeg     . . .     Faith    .   b - +0 robe
rPois    +         Spirit   .   (no helmet)
rElec    .         Reflect  .   i - scarf {repulsion}
rCorr    +         Harm     .   (no gloves)
MR       .....                  (no barding)
Stlth    +.........             (no amulet)
Regen    0.1/turn               f - ring of protection from fire
MPRegen  0.1/turn               m - ring of resist corrosion

@: lethally poisoned (0 -> -7), repel missiles, very slow
A: see invisible, deformed body, poison resistance, slowness 2, slow metabolism
1, spit poison 1, AC +1
a: Spit Poison


You were on level 2 of the Dungeon.
You were not hungry.

You visited 1 branch of the dungeon, and saw 2 of its levels.

You collected 84 gold pieces.

Inventory:

Missiles
 a - 27 arrows
 e - 63 stones (quivered)
Armour
 b - a +0 robe (worn)
 i - a scarf of repulsion (worn)
Jewellery
 f - a ring of protection from fire (left hand)
 m - a ring of resist corrosion (right hand)
Scrolls
 g - a scroll of remove curse {unknown}
 h - 3 scrolls of teleportation {unknown}
 j - a scroll of identify {unknown}
 k - a scroll of blinking {unknown}
 n - a scroll of fear {unknown}
Books
 c - a book of Changes

   Spells                             Type                      Level
   a - Beastly Appendage              Transmutation                1
   b - Sticks to Snakes               Transmutation                2
   c - Spider Form                    Transmutation/Poison         3
   d - Ice Form                       Ice/Transmutation            4
   e - Blade Hands                    Transmutation                5
Comestibles
 d - 2 bread rations
 l - 4 chunks of flesh


   Skills:
 - Level 1.0 Fighting
 * Level 1.0 Throwing
 - Level 2.0 Dodging
 - Level 4.0 Unarmed Combat
 - Level 2.0 Spellcasting
 - Level 2.0 Transmutations


You had 5 spell levels left.
You knew the following spells:

 Your Spells              Type           Power        Failure   Level  Hunger
a - Beastly Appendage     Tmut           #.....       11%         1    ##.....


Dungeon Overview and Level Annotations

Branches:
Dungeon (2/15)

Altars:


Innate Abilities, Weirdness & Mutations

You cannot wear boots.
Your serpentine skin is tough. (AC +1)
You have supernaturally acute eyesight. (SInv)
Armour fits poorly on your strangely shaped body.
Your system is resistant to poisons. (rPois)
You cover ground very slowly.
You have a slow metabolism.
You can spit poison.


Message History

You closely miss the goblin.
You headbutt the goblin, but do no damage.
* * * LOW HITPOINT WARNING * * *
You feel sick. The adder bites you.
* * * LOW HITPOINT WARNING * * *
The adder bites you.
* * * LOW HITPOINT WARNING * * *
You aren't carrying any potions.
You miss the adder. You headbutt the adder.
You kill the adder!
Your Throwing skill increases to level 1!
The goblin closely misses you.
You hit the goblin.
The goblin is severely wounded.
Your horns disappear.
* * * LOW HITPOINT WARNING * * *
You feel sick. The goblin barely misses you.
You punch the goblin!
You kill the goblin!
You die...

...........###
.............
...........
........#
.......##.
.....#...
.######......##
.......@.......
.......<.......
####...†..$.#..
##.#........
..?......#..
............#
...####....♣.♣#
... ####.♣.♣ ..
.♣ ♣


There were no monsters in sight!

Vanquished Creatures
  An adder (D:2)
  An ooze (D:1)
  A dart slug (D:1)
  A ball python (D:1)
  3 bats (D:1)
  2 giant cockroaches (D:1)
  5 goblins
  5 hobgoblins (D:1)
  4 jackals (D:1)
  A frilled lizard (D:1)
  4 kobolds (D:1)
  4 rats (D:1)
32 creatures vanquished.

Notes
Turn   | Place    | Note
-------+----------+-------------------------------------------
     0 | D:1      | Phantomfrettchen the Naga Transmuter began the quest for the Orb.
     0 | D:1      | Reached XP level 1. HP: 18/18 MP: 3/3
   138 | D:1      | Reached XP level 2. HP: 20/25 MP: 5/5
   160 | D:1      | HP: 1/25 [jackal (1)]
   323 | D:1      | Reached skill level 4 in Unarmed Combat
   323 | D:1      | Reached XP level 3. HP: 4/31 MP: 4/6
   354 | D:1      | HP: 1/31 [goblin (2)]
   969 | D:2      | Reached skill level 1 in Throwing
   970 | D:2      | HP: 1/31 [poisoned by an adder]
   972 | D:2      | Succumbed to an adder's poison

Skill      XL: |  1  2  3 |
---------------+----------+-----
Unarmed Combat | 4 |  4.0
Dodging        | 2 |  2.0
Throwing       | 1 |  1.0
Fighting       | |  1.0
Spellcasting   | |  2.0
Transmutations | |  2.0

Action                   || total
-------------------------++-------
Melee: Unarmed           ||   102
       Headbutt          ||     7
 Cast: Beastly Appendage ||     8
  Use: Potion            ||     1
 Stab: Invisible         ||     1
Armor: Robe              ||    17
Dodge: Dodged            ||    89
